 Dungeon Crawl Stone Soup version 0.18.1-5-g4a78601 (webtiles) character file.

7030 varam the Grappler (level 10, -14/109 HPs)
             Began as a Troll Transmuter on May 9, 2016.
             Was a High Priest of Makhleb.
             Demolished by Snorg (20 damage)
             ... on level 11 of the Dungeon.
             The game lasted 00:55:02 (10336 turns).

varam the Grappler (Troll Transmuter)              Turns: 10336, Time: 00:55:02

Health: -14/109    AC:  6    Str: 20    XL:     10   Next: 82%
Magic:  13/16      EV:  9    Int: 12    God:    Makhleb [*****.]
Gold:   599        SH:  0    Dex: 10    Spells: 3 memorised, 11 levels left

rFire  x . .     SeeInvis .       - Unarmed
rCold  + + +     Gourm    +     (armour currently unavailable)
rNeg   . . .     Faith    +     (shield currently unavailable)
rPois  +         Spirit   .     (helmet currently unavailable)
rElec  .         Dismiss  .     (cloak currently unavailable)
rCorr  .         Reflect  .     (gloves unavailable)
SustAt .         Harm     .     (boots unavailable)
MR     +....                    L - amulet of faith
Stlth  +.........               P - ring of protection from magic
                                s - ring of poison resistance

@: ice-form, somewhat resistant to hostile enchantments, very unstealthy
A: unfitting armour, (claws 0), fast metabolism 3, gourmand, regeneration 2,
(shaggy fur 0), (tough skin 0)
a: End Transformation, Minor Destruction, Lesser Servant of Makhleb, Major
Destruction, Greater Servant of Makhleb, Renounce Religion


You were on level 11 of the Dungeon.
You worshipped Makhleb.
Makhleb was extremely pleased with you.
You were full.
You were a creature of crystalline ice.
You visited 2 branches of the dungeon, and saw 12 of its levels.
You also visited: Ossuary.

You collected 599 gold pieces.

Inventory:

Missiles
 a - 214 arrows
Armour
 b - a +0 robe (melded)
 t - a +0 cloak (melded)
Jewellery
 j - an uncursed ring of protection from cold
 s - a ring of poison resistance (left front paw)
 G - an uncursed ring of fire
 L - an amulet of faith (around neck)
 P - a ring of protection from magic (right front paw)
Wands
 I - a wand of confusion (24/48)
 O - a wand of slowing (13/48)
Scrolls
 e - a scroll of noise {unknown}
 f - 2 scrolls of teleportation
 l - 8 scrolls of remove curse
 o - a scroll of silence {unknown}
 q - 2 scrolls of recharging
 u - a scroll of amnesia
 x - a scroll of enchant armour
 y - a scroll of enchant weapon
 D - a scroll of torment {unknown}
 H - 5 scrolls of identify
 N - a scroll of fog {unknown}
Potions
 i - 4 potions of curing
 k - 3 potions of brilliance {unknown}
 m - 3 potions of agility {unknown}
 w - a potion of flight {unknown}
 z - a potion of mutation {unknown}
 A - 2 potions of heal wounds {unknown}
 B - a potion of degeneration {unknown}
 C - a potion of berserk rage {unknown}
 E - 2 potions of ambrosia {unknown}
 F - a potion of lignification {unknown}
 J - a potion of might {unknown}
Books
 c - a book of Changes

   Spells                             Type                      Level
   a - Beastly Appendage              Transmutation                1
   b - Sticks to Snakes               Transmutation                2
   c - Spider Form                    Transmutation/Poison         3
   d - Ice Form                       Ice/Transmutation            4
   e - Blade Hands                    Transmutation                5
 r - a book of Necromancy

   Spells                             Type                      Level
   a - Pain                           Necromancy                   1
   b - Animate Skeleton               Necromancy                   1
   c - Vampiric Draining              Necromancy                   3
   d - Regeneration                   Charms/Necromancy            3
   e - Animate Dead                   Necromancy                   4
   f - Control Undead                 Necromancy                   4
 M - a book of Conjurations

   Spells                             Type                      Level
   a - Magic Dart                     Conjuration                  1
   b - Searing Ray                    Conjuration                  2
   c - Dazzling Spray                 Conjuration/Hexes            3
   d - Fulminant Prism                Conjuration/Hexes            4
   e - Iskenderun's Mystic Blast      Conjuration                  4
   f - Iskenderun's Battlesphere      Conjuration/Charms           5
Miscellaneous
 h - a plain deck of summoning
Comestibles
 d - 13 bread rations
 g - 2 royal jellies
 n - 6 chunks of flesh
 v - a slice of pizza
 K - 3 meat rations


   Skills:
 - Level 3.1 Fighting
 - Level 1.5 Dodging
 * Level 10.9 Unarmed Combat
 - Level 5.0 Spellcasting
 - Level 6.0 Transmutations
 - Level 4.0 Ice Magic
 + Level 2.1 Invocations


You had 11 spell levels left.
You knew the following spells:

 Your Spells              Type           Power        Failure   Level  Hunger
a - Ice Form              Ice/Trmt       ###.....     28%         4    ####...
b - Beastly Appendage     Trmt           ###...       1%          1    None
c - Spider Form           Trmt/Pois      ##........   21%         3    ###....


Dungeon Overview and Level Annotations

Branches:
Dungeon (11/15)            Temple (1/1) D:7
   Lair: D:8-11         Orc: D:9-12

Altars:
Ashenzari
Cheibriados
Dithmenos
Elyvilon
Fedhas
Gozag
Kikubaaqudgha
Makhleb
Nemelex Xobeh
Okawaru
Pakellas
Qazlal
Ru
Sif Muna
Trog
Vehumet
Xom
Yredelemnul
Zin
The Shining One

Shops:
D:5 *

Annotations:
D:10 Mefis's ghost, novice DEWz
D:11 Josephine; Snorg


Innate Abilities, Weirdness & Mutations

You are too large for most types of armour.
((You have claws for hands.))
Your metabolism is lightning-fast.
You like to eat raw meat.
You heal very quickly.
((You are covered in fur (AC +1).))
((You have very tough skin (AC +2).))


Message History

Snorg goes berserk!
You punch Snorg! You freeze Snorg.
Snorg is heavily wounded.
Snorg bites you!! Snorg claws you! x2
Snorg misses you. Snorg claws you!!
* * * LOW HITPOINT WARNING * * *
Snorg claws you!!
* * * LOW HITPOINT WARNING * * *
There is an open door here.
You pummel Snorg!! You freeze Snorg!
Snorg is severely wounded.
The iguana bites you but does no damage.
Snorg barely misses you. Snorg claws you!
* * * LOW HITPOINT WARNING * * *
Snorg barely misses you.
Unknown command.
You punch Snorg! You freeze Snorg.
Snorg is severely wounded.
Snorg barely misses you. Snorg claws you!!
You die...

......... #...........#
..........#...........#
..........#.......(...#
..........#.....).....#
..#######.######).....##
.. ... #........ ....
#........ .....
#........
......#Y#######
......lT.......
...............
.........####+#
...r.....# PP.......+
.P.......# ...P.....#
P........#


You could see Snorg (berserk), an iguana and a river rat.

Vanquished Creatures
  The ghost of ThereIsNoGod the Covert, a novice SpAs (D:6)
  2 trolls
  A wraith (D:10)
  A spriggan (D:8)
  2 yaks (D:8)
  A hippogriff (D:8)
  A soldier ant (D:10)
  4 ice beasts
  4 orc warriors
  3 sky beasts
  2 black bears (D:9)
  A necrophage (D:7)
  5 ogres
  5 phantoms
  4 centaurs
  A wolf (D:8)
  4 giant frogs
  2 scorpions
  12 killer bees
  3 howler monkeys
  10 wights
  2 electric eels
  5 crimson imps
  A giant frog zombie (D:7)
  A centaur zombie (D:8)
  4 hounds
  3 jellies
  5 orc priests
  2 giant frog skeletons (D:6)
  3 iguanas
  Crazy Yiuf (D:7)
  10 worker ants
  7 orc wizards
  A hound zombie (D:5)
  A hound skeleton (D:4)
  2 worker ant zombies
  2 howler monkey skeletons
  4 gnolls (D:6)
  11 adders
  A shadow imp (D:5)
  5 white imps (D:8)
  2 ufetubi (D:8)
  An ooze (D:1)
  An adder zombie (D:7)
  2 adder skeletons
  2 worms
  An adder simulacrum (D:8)
  2 giant geckos
  29 orcs
  5 bats
  4 giant cockroaches
  7 hobgoblins
  5 jackals (D:5)
  6 quokkas
  3 ball pythons
  2 giant gecko skeletons
  7 giant newts
  9 goblins
  8 hobgoblin zombies (Ossuary)
  A jackal skeleton (D:4)
  3 kobolds
  5 kobold zombies (Ossuary)
  4 orc zombies (Ossuary)
  2 rats (D:2)
251 creatures vanquished.

Notes
Turn   | Place    | Note
--------------------------------------------------------------
     0 | D:1      | varam the Troll Transmuter began the quest for the Orb.
     0 | D:1      | Reached XP level 1. HP: 18/18 MP: 1/1
   339 | D:1      | Found a sparkling altar of Nemelex Xobeh.
   654 | D:1      | Reached XP level 2. HP: 21/26 MP: 0/3
  1500 | D:2      | Reached XP level 3. HP: 32/32 MP: 2/4
  1505 | D:2      | Learned a level 3 spell: Spider Form
  2217 | D:3      | Reached XP level 4. HP: 15/40 MP: 6/6
  2648 | D:3      | Found a burning altar of Makhleb.
  2668 | D:3      | Became a worshipper of Makhleb the Destroyer
  2901 | D:4      | Reached skill level 4 in Unarmed Combat
  2917 | D:3      | Reached XP level 5. HP: 43/46 MP: 7/7
  3021 | D:4      | Reached skill level 5 in Unarmed Combat
  3076 | D:4      | Reached XP level 6. HP: 53/54 MP: 5/8
  3077 | D:4      | Reached * piety under Makhleb
  3582 | D:4      | Found a sand-covered staircase.
  3591 | Ossuary  | Entered an ossuary
  3806 | Ossuary  | Noticed Ijustatesigmund's ghost (amateur MiFi)
  4206 | D:5      | Entered Level 5 of the Dungeon
  4246 | D:5      | Reached skill level 6 in Unarmed Combat
  4273 | D:5      | Reached XP level 7. HP: 59/61 MP: 9/9
  4333 | D:5      | Reached ** piety under Makhleb
  4742 | D:5      | Reached XP level 8. HP: 68/68 MP: 12/12
  4848 | D:5      | Found Nehiudor's General Store.
  4953 | D:6      | Found a shadowy altar of Dithmenos.
  5033 | D:6      | Noticed ThereIsNoGod's ghost (novice SpAs)
  5126 | D:6      | Killed ThereIsNoGod's ghost
  5126 | D:6      | Reached skill level 5 in Transmutations
  5328 | D:5      | Reached skill level 1 in Fighting
  5616 | D:6      | You fall through a shaft for 3 floors!
  5623 | D:9      | Reached *** piety under Makhleb
  5695 | D:7      | Found a blossoming altar of Fedhas.
  5877 | D:5      | Reached skill level 7 in Unarmed Combat
  6318 | D:6      | Reached XP level 9. HP: 76/81 MP: 10/14
  6617 | D:7      | Found a staircase to the Ecumenical Temple.
  6696 | D:7      | Reached skill level 8 in Unarmed Combat
  6804 | Temple   | Entered the Ecumenical Temple
  7065 | D:7      | Noticed Crazy Yiuf
  7072 | D:7      | Killed Crazy Yiuf
  7139 | D:7      | Reached skill level 9 in Unarmed Combat
  7145 | D:7      | Reached **** piety under Makhleb
  7542 | D:8      | Reached skill level 10 in Unarmed Combat
  7553 | D:8      | Learned a level 4 spell: Ice Form
  7581 | D:8      | Reached skill level 1 in Ice Magic
  7710 | D:8      | Reached XP level 10. HP: 91/91 MP: 7/15
  8547 | D:9      | Reached ***** piety under Makhleb
  9388 | D:9      | Reached skill level 5 in Spellcasting
  9635 | D:10     | Entered Level 10 of the Dungeon
  9718 | D:10     | Noticed Mefis's ghost (novice DEWz)
  9949 | D:11     | Noticed Josephine
 10019 | D:10     | Reached skill level 1 in Invocations
 10327 | D:11     | Noticed Snorg
 10336 | D:11     | Demolished by Snorg

Skill      XL: |  1  2  3  4  5  6  7  8  9 10 |
---------------+-------------------------------+-----
Transmutations | 2 3 4 5 6 |  6.0
Spellcasting   | 2 3 4 5 |  5.0
Unarmed Combat | 4 5 6 7 10 | 10.9
Fighting       | 3 |  3.1
Ice Magic      | 2 4 |  4.0
Invocations    | 2 |  2.1
Dodging        | |  1.5

Action                   |  1- 3 |  4- 6 |  7- 9 | 10-12 || total
-------------------------+-------+-------+-------+-------++-------
Melee: Unarmed           |    97 |   152 |   423 |   224 ||   896
       Kick              |     8 |    14 |     8 |       ||    30
       Headbutt          |     3 |     7 |     5 |       ||    15
       Punch             |       |     2 |     3 |     1 ||     6
 Cast: Beastly Appendage |    31 |    32 |    16 |       ||    79
       Spider Form       |       |       |    40 |    29 ||    69
       Ice Form          |       |       |       |    13 ||    13
Invok: Minor Destruction |       |       |     2 |       ||     2
  Use: Scroll            |       |     9 |     1 |       ||    10
  Eat: Chunk             |    22 |    14 |    35 |    37 ||   108
       Bread ration      |     1 |       |       |       ||     1
Armor: Robe              |    21 |    54 |    76 |     8 ||   159
       Skin              |       |       |     7 |    14 ||    21
Dodge: Dodged            |    33 |    61 |   236 |   148 ||   478
